 Dungeon Crawl Stone Soup version 0.18-a0-1293-g5a2c81a (webtiles) character file.

10 ololoev the Firebug (level 2, -4/15 HPs)
             Began as a Deep Elf Fire Elementalist on Feb 10, 2016.
             Slain by a scorpion (9 damage)
             ... on level 4 of the Dungeon.
             The game lasted 00:02:29 (405 turns).

ololoev the Firebug (Deep Elf Fire Elementalist)     Turns: 405, Time: 00:02:29

Health: -4/15      AC:  2    Str:  5    XL:     2   Next: 10%
Magic:  4/8        EV: 13    Int: 19    God:
Gold:   43         SH:  0    Dex: 15    Spells: 1 memorised, 6 levels left

rFire  . . .     SeeInvis .     d - +1 trident
rCold  . . .     Gourm    .     a - +0 robe
rNeg   . . .     Faith    .     (no shield)
rPois  .         Spirit   .     (no helmet)
rElec  .         Dismiss  .     (no cloak)
rCorr  .         Reflect  .     (no gloves)
SustAt .         Harm     .     (no boots)
MR     .....                    (no amulet)
Stlth  ++........               (no ring)
                                (no ring)

@: very slightly contaminated, not resistant to hostile enchantments, unstealthy
A: no striking features
a: no special abilities

Inventory:

Hand Weapons
 d - a +1 trident (weapon)
Armour
 a - a +0 robe (worn)
Books
 b - a book of Flames

   Spells                             Type                      Level
   a - Flame Tongue                   Conjuration/Fire             1
   b - Throw Flame                    Conjuration/Fire             2
   c - Conjure Flame                  Conjuration/Fire             3
   d - Inner Flame                    Hexes/Fire                   3
   e - Sticky Flame                   Conjuration/Fire             4
   f - Fireball                       Conjuration/Fire             5
Comestibles
 c - 2 bread rations


   Skills:
 - Level 2.4 Dodging
 - Level 2.4 Stealth
 + Level 3.3 Spellcasting
 * Level 1.3 Conjurations
 + Level 3.7 Fire Magic


You had 6 spell levels left.
You knew the following spells:

 Your Spells              Type           Power        Failure   Level  Hunger
a - Flame Tongue          Conj/Fire      ##...        8%          1    None


You were on level 4 of the Dungeon.
You were not hungry.

You visited 1 branch of the dungeon, and saw 5 of its levels.

You collected 43 gold pieces.

#.# ##...###### #.........
#.# #.........# #.#....##.
#.# #.........# #.#<......
#.# #.........# #.###.....
#.# ###.####### #.###.#.##
#.#####.### #####.........
#.........###.........#.##
#..####.#.#......######.#
#..# #...@.......# .
#..###...s.......#
#......(....######
####.####.....#
#.............#
##.#.######.### #.#.# #.#
# #.# #.# ..# #)# .

Notes
Turn   | Place    | Note
--------------------------------------------------------------
     0 | D:1      | ololoev the Deep Elf Fire Elementalist began the quest for the Orb.
     0 | D:1      | Reached XP level 1. HP: 10/10 MP: 6/6
   252 | D:3      | Reached XP level 2. HP: 15/15 MP: 5/8
   306 | D:5      | Entered Level 5 of the Dungeon
   383 | D:4      | Found Saejosk's Weapon Shop.
   383 | D:4      | Noticed a scorpion
   405 | D:4      | Slain by a scorpion

Dungeon Overview and Level Annotations

Branches:
Dungeon (5/15)
 Temple: D:4-7

Altars:

Shops:
D:4 (


Message History

You aren't carrying any potions.
You see here a mace.
Casting: Flame Tongue
Confirm with . or Enter, or press ? or * to list all spells.
You can't see any susceptible monsters within range! (Use Z to cast anyway.)
Press: ? - help, v - describe, . - travel
Here: a scorpion The floor.
Casting: Flame Tongue
Confirm with . or Enter, or press ? or * to list all spells.
Aiming: Flame Tongue
Press: ? - help, Shift-Dir - straight line, f - scorpion
Aim: a scorpion The flame tongue hits the scorpion.
The scorpion is heavily wounded.
Casting: Flame Tongue
Confirm with . or Enter, or press ? or * to list all spells.
Aiming: Flame Tongue
Press: ? - help, Shift-Dir - straight line, f/p - scorpion
Aim: a scorpion (heavily wounded)
You miscast Flame Tongue.
You are very lightly contaminated with residual magic.
Heat runs through your body.
Casting: Flame Tongue
Confirm with . or Enter, or press ? or * to list all spells.
Aiming: Flame Tongue
Press: ? - help, Shift-Dir - straight line, f/p - scorpion
Aim: a scorpion (heavily wounded)
The flame tongue misses the scorpion.
The scorpion stings you!
Ouch! That really hurt!
Casting: Flame Tongue
Confirm with . or Enter, or press ? or * to list all spells.
Aiming: Flame Tongue
Press: ? - help, Shift-Dir - straight line, f/p - scorpion
Aim: a scorpion (heavily wounded)
The flame tongue hits the scorpion.
The scorpion appears unharmed.
The scorpion is heavily wounded.
The scorpion stings you!
Ouch! That really hurt!
You die...

You could see a scorpion.

Vanquished Creatures
  A worm (D:3)
  An orc (D:3)
  2 giant cockroaches (D:1)
  A giant newt (D:4)
  A kobold (D:1)
  A rat (D:3)
7 creatures vanquished.

Action                   || total
-------------------------++-------
 Cast: Flame Tongue      ||    16
  Use: Scroll            ||     5

Vault maps used:
D:1:      dpeg_arrival_rhombi
D:2:      ecumenical_altar_2, kennysheep_crisscross, serial_park_tiny_pond,
          uniq_jessica
D:4:      serial_shops, nicolae_shop_stone, uniq_edmund, uniq_grinder
D:5:      minmay_temple_entry_statues_pillars, first_bread, uniq_menkaure
